AoeStats
← Atzelander

Black Forest

508410375Analyzed
2v2 RM · 9d ago on Sep 22, 2026· 49m 8s· 4 players
Game mode
Random Map
Map size
Medium (4 player)
Population
200
Speed
Normal
Resources
Standard
Victory
Conquest
Starting age
Dark Age
Ending age
Imperial Age
RankedLock teamsTeams togetherTeam positionsShared explorationLock speedFull tech treeHidden civsTurbo modeCheats
Victory
Defeat
🇩🇪 Lithuanians · Germany
565
+10
🇪🇸 Bohemians · Spain
326
+18
🇻🇳 Vietnamese · Vietnam
433
-15
🇨🇿 Khmer · Czechia
388
-13
King-Mydas
15:11 Feudal Age
16:27 Double-Bit Axe
16:27 Horse Collar
19:48 Wheelbarrow
26:22 Castle Age
27:35 Bow Saw
30:15 Gold Mining
30:17 Stone Mining
30:47 Hand Cart
31:30 Heavy Plow
37:29 Imperial Age
40:33 Caravan
41:41 Crop Rotation
42:09 Scale Barding Armor
42:15 Forging
45:10 Bloodlines
44:21 Light Cavalry
46:45 Hussar
Dai Viet
1:15 Loom
13:53 Feudal Age
20:31 Castle Age
19:05 Double-Bit Axe
19:07 Horse Collar
23:54 Heavy Plow
24:13 Bow Saw
29:28 Imperial Age
27:36 Wheelbarrow
29:22 Forging
31:07 Hand Cart
32:56 Crop Rotation
33:37 Two-Man Saw
32:44 Stone Mining
32:45 Gold Mining
36:52 Iron Casting
36:19 Scale Mail Armor
36:11 Fletching
36:22 Padded Archer Armor
38:51 Caravan
39:14 Pikeman
39:54 Squires
39:32 Elite Skirmisher
40:18 Thumb Ring
40:31 Leather Archer Armor
40:31 Chain Mail Armor
40:12 Bodkin Arrow
41:22 Chemistry
40:44 Ballistics
40:14 Heated Shot
40:35 Fortified Wall
40:21 Murder Holes
41:34 Halberdier
42:52 Ring Archer Armor
42:52 Plate Mail Armor
42:21 Imperial Skirmisher
popcorn6856
12:47 Feudal Age
14:15 Wheelbarrow
13:34 Double-Bit Axe
15:14 Horse Collar
22:42 Castle Age
27:27 Chemistry
26:20 Guard Tower
26:54 Hand Cart
26:31 Town Watch
26:32 Loom
27:26 Heavy Plow
27:42 Bow Saw
30:54 Imperial Age
31:14 Town Patrol
33:05 Coinage
32:37 Caravan
33:45 Sappers
34:39 Conscription
37:21 Houfnice
42:09 Elite Hussite Wagon
Atzelander
0:39 Loom
20:38 Feudal Age
27:09 Wheelbarrow
26:20 Town Watch
26:22 Double-Bit Axe
26:31 Stone Mining
26:34 Gold Mining
26:26 Horse Collar
27:08 Man-at-Arms
27:35 Arson
27:37 Fishing Lines
31:50 Castle Age
33:15 Stone Shaft Mining
32:42 Heavy Plow
33:02 Hand Cart
32:48 Town Patrol
33:02 Bow Saw
32:58 Caravan
32:44 Long Swordsman
33:25 Squires
32:47 Pikeman
33:34 Thumb Ring
32:50 Crossbowman
33:10 Light Cavalry
34:01 Bloodlines
33:52 Husbandry
34:02 Murder Holes
35:17 Fervor
34:51 Treadmill Crane
35:34 Gillnets
38:23 Imperial Age
37:07 Ballistics
37:00 Masonry
37:08 Guard Tower
38:40 Winged Hussar
38:57 Halberdier
41:47 Two-Man Saw
41:20 Crop Rotation
41:53 Conscription
41:39 Cavalier
44:01 Chemistry
44:46 Paladin
Connection lost

Rejoining the realm…

Still unreachable

The connection could not be restored.

Session expired

The server has moved on; the page needs a fresh start.